 Dungeon Crawl Stone Soup version 0.27-a0-412-g8dd771eca2 (webtiles) character file.

Game seed: 3951326435291907661

292 dickylongcocking the Scratcher (level 6, 0/28 HPs)
             Began as a Felid Monk on Feb 23, 2021.
             Was a Believer of Dithmenos.
             Slain by an orc
             ... wielding a +0 flail
              (4 damage)
             ... on level 3 of the Dungeon.
             The game lasted 00:02:32 (4017 turns).

dickylongcocking the Scratcher (Felid Monk)         Turns: 4017, Time: 00:02:33

Health: 0/28       AC:  2    Str:  7    XL:     6   Next: 10%
Magic:  7/7        EV: 20    Int: 12    God:    Dithmenos [**....]
Gold:   175        SH:  0    Dex: 20    Spells: 5/5 levels left
                                        Lives:  0   Deaths: 1

rFire    . . .     SeeInvis +     - Unarmed
rCold    . . .     Faith    .   (shield unavailable)
rNeg     . . .     Spirit   .   (armour unavailable)
rPois    .         Reflect  .   (helmet unavailable)
rElec    .         Harm     .   (cloak unavailable)
rCorr    .         Rampage  .   (gloves unavailable)
Will     .....                  (boots unavailable)
Stlth    +++++.....             (no amulet)
HPRegen  0.09/turn              e - ring of flight
MPRegen  0.10/turn              (no ring)

@: wreathed by umbra, quick
A: very small, no armour, no weapons or thrown items, stealth, claws 1, fangs 3,
see invisible, speed 1, shaggy fur 2, sharp paws
a: Renounce Religion, Evoke Flight, Shadow Step


You were on level 3 of the Dungeon.
You worshipped Dithmenos.
Dithmenos was pleased with you.
You visited 1 branch of the dungeon, and saw 3 of its levels.

You collected 175 gold pieces.

Inventory:

Jewellery
 e - a ring of flight (left paw)
Wands
 i - a wand of random effects (13)
Scrolls
 a - a scroll of teleportation {unknown}
 b - a scroll of enchant armour {unknown}
 c - 2 scrolls of fog {unknown}
 d - 5 scrolls of identify {unknown}
 f - 2 scrolls of magic mapping {unknown}
 g - a scroll of enchant weapon {unknown}
Potions
 h - a potion of attraction {unknown}


   Skills:
 - Level 3.0 Fighting
 - Level 4.0 Dodging
 + Level 5.9 Stealth
 * Level 6.1 Unarmed Combat


You had 5 spell levels left.
You didn't know any spells.
Your spell library was empty.

Dungeon Overview and Level Annotations

Branches:
Dungeon (3/15)

Altars:
Dithmenos
Okawaru
Ru


Innate Abilities, Weirdness & Mutations

You cannot wear armour.
You are incapable of wielding weapons or throwing items.
Your paws allow you to move quietly. (Stealth)
You have sharp claws.
You have razor-sharp teeth.
You have supernaturally acute eyesight. (SInv)
You cover ground quickly.
You are covered in thick fur. (AC +2)
Your sharp claws are effective at attacking unaware monsters.


Message History

The ooze hits you. The orc hits you with a +0 dagger.
You scratch the ooze.
The ooze is heavily wounded.
The ooze hits you. The orc barely misses you. The orc hits you with a +0 flail!
You are too injured to fight recklessly!
You are too injured to fight recklessly!
You scratch the ooze. You bite the ooze.
The ooze is almost dead.
The ooze barely misses you. The orc misses you.
You claw the ooze!
You kill the ooze!
Dithmenos accepts your kill. The orc barely misses you. The orc misses you.
You claw the orc!
You kill the orc!
Dithmenos accepts your kill. The orc completely misses you.
Things that are here:
a +0 dagger; a +0 leather armour You are too injured to fight recklessly!
You are too injured to fight recklessly!
You barely miss the orc. The orc completely misses you.
You closely miss the orc. Your bite misses the orc.
The orc hits you with a +0 flail!
* * * LOW HITPOINT WARNING * * *
You are too injured to fight recklessly!
You scratch the orc but do no damage. You bite the orc, but do no damage.
The orc closely misses you.
You are too injured to fight recklessly!
You scratch the orc but do no damage. Your bite misses the orc.
You scratch the orc.
The orc is heavily wounded.
The orc closely misses you.
You scratch the orc.
The orc is heavily wounded.
The orc misses you.
You barely miss the orc. You bite the orc, but do no damage.
The orc is heavily wounded.
The orc hits you with a +0 flail.
You die...

#.. #####.. #...#..
#...### ###########
#....## #.........#
#...... #.>.......######
#..####
#......)o......###..####
#......@.......##.......
#..............#........
#.......<............###
#..>.............###.###
#..............[###.....
#..............###..#...
#..................##...
####.#######......###...
#...............


You could see an orc.

Vanquished Creatures
  Sigmund (D:3)
  An orc wizard (D:2)
  6 adders
  An ooze (D:3)
  3 worms
  A dart slug (D:1)
  2 leopard geckos
  8 orcs
  2 giant cockroaches (D:2)
  8 hobgoblins
  7 jackals
  4 quokkas
  A ball python (D:2)
  8 bats
  5 frilled lizards
  16 goblins
  10 kobolds
  7 rats
91 creatures vanquished.

Notes
Turn   | Place    | Note
-------+----------+-------------------------------------------
     0 | D:1      | dickylongcocking the Felid Monk began the quest for the
                  | Orb.
     0 | D:1      | Reached XP level 1. HP: 10/10 MP: 2/2
   310 | D:1      | Reached XP level 2. HP: 3/14 MP: 3/3
  1372 | D:1      | Reached XP level 3. HP: 17/17 MP: 4/4
  1480 | D:2      | Reached skill level 4 in Unarmed Combat
  1723 | D:2      | Found an iron altar of Okawaru.
  1962 | D:2      | Reached XP level 4. HP: 8/21 MP: 5/5
  2360 | D:2      | HP: 1/31 [poisoned by an adder]
  2368 | D:2      | Succumbed to an adder's poison
  2369 | D:2      | Reached XP level 3. HP: 0/25 MP: 4/4
  2872 | D:3      | Reached XP level 4. HP: 21/21 MP: 5/5
  2890 | D:3      | Reached skill level 5 in Unarmed Combat
  3540 | D:3      | Reached skill level 5 in Stealth
  3549 | D:3      | Found a shadowy altar of Dithmenos.
  3644 | D:3      | Found a sacrificial altar of Ru.
  3647 | D:3      | Noticed Sigmund
  3648 | D:3      | Became a worshipper of Dithmenos the Shadowed
  3648 | D:3      | Reached * piety under Dithmenos
  3648 | D:3      | Reached ** piety under Dithmenos
  3732 | D:3      | Killed Sigmund
  3733 | D:3      | Reached skill level 6 in Unarmed Combat
  3733 | D:3      | Reached XP level 5. HP: 16/24 MP: 6/6
  3733 | D:3      | Gained mutation: You are covered in thick fur. (AC +2)
                  | [Felid growth]
  3733 | D:3      | Reached XP level 6. HP: 18/28 MP: 7/7
  4017 | D:3      | Slain by an orc

Illustrated notes

Levels and vault maps discovered:
D:1:      giann_forest_graveyard, layout_loops_ring, kennysheep_another_room
D:2:      minmay_alternating_diamond, layout_loops_cross, okawaru_trees_1
D:3:      layout_rooms, grunt_temple_overflow_open, uniq_sigmund

Skill      XL: |  1  2  3  4 |
---------------+-------------+-----
Stealth        | 3 4 5 |  5.9
Unarmed Combat | 4 6 |  6.1
Fighting       | |  3.0
Dodging        | |  4.0

Action                   |  1- 3 |  4- 6 || total
-------------------------+-------+-------++-------
Melee: Unarmed           |   123 |   129 ||   252
       Bite              |     7 |    11 ||    18
       Punch             |     4 |     4 ||     8
  Use: Potion            |     3 |     1 ||     4
 Stab: Sleeping          |    12 |       ||    12
Armor: Skin              |    17 |    21 ||    38
Dodge: Dodged            |   102 |   123 ||   225

Table legend: (Time is in decaauts)
 A = Elapsed time spent in this place.
 B = Non-inter-level travel time spent in this place.
 C = Inter-level travel time spent in this place.
 D = Time resting spent in this place.
 E = Time spent auto-exploring this place.
 F = Levels seen in this place.
 G = Mean time per level.
                   A        B        C        D        E       F      G
               +--------+--------+--------+--------+--------+-----+--------+
         Total |   3661 |   3636 |     25 |   1046 |   2055 |   3 | 1220.3 |
       Dungeon |   3661 |   3636 |     25 |   1046 |   2055 |   3 | 1220.3 |
               +--------+--------+--------+--------+--------+-----+--------+

Top non-repeatable levels by time:
     D:2: 1405 daAuts
     D:1: 1229 daAuts
     D:3: 1026 daAuts
